[Event "ICC tourney 2022 (75 10)"]
[Site "Internet Chess Club"]
[Date "2020.09.26"]
[Round "3"]
[White "slolla"]
[Black "mikoyansuren"]
[Result "0-1"]
[ICCResult "White resigns"]
[WhiteElo "1827"]
[BlackElo "1831"]
[Opening "QGD: Chigorin defense"]
[ECO "D07"]
[NIC "QP.08"]
[Time "20:02:29"]
[TimeControl "4500+10"]

1. d4 d5 2. c4 Nc6 3. cxd5 Qxd5 4. Nf3 e5 5. Nc3 Bb4 6. Bd2 Bxc3 7. Bxc3 e4
8. Nd2 e3 9. fxe3 Nf6 10. Nf3 O-O 11. g3 Ng4 12. Bd2 Re8 13. Bg2 Rxe3 14.
O-O Re7 15. h3 Ne3 16. Bxe3 Rxe3 17. Qd2 Re7 18. Rae1 Bf5 19. e3 Rae8 20.
Ne5 Be4 21. Bxe4 Qxe4 22. Nxc6 Qxc6 23. Rf4 Re4 24. Qf2 Qd5 25. b3 g6 26.
Rxe4 Rxe4 27. Rc1 c6 28. Kh2 a5 29. Rc5 Qe6 30. Rc3 b5 31. Rd3 Qd6 32. Qd2
b4 33. Qe2 c5 34. dxc5 Qxc5 35. Qf2 Re7 36. Qb2 Qb6 37. Qd2 h6 38. Rd8+ Kg7
39. Qb2+ f6 40. Qd2 Qxe3 41. Qxe3 Rxe3 42. Rd2 Kf7 43. Kg2 Ke6 44. Kf2 Rc3
45. h4 Ke5 46. Kg2 Ke4 47. Kf2 g5 48. hxg5 hxg5 49. Re2+ Kd3 50. Re6 Rc2+
51. Kf3 Rxa2 52. Rxf6 a4 53. bxa4 b3 54. Rb6 Kc3 55. Kg4 Rxa4+ 56. Kxg5 Rb4
57. Rh6 b2 58. Rh1 b1=Q 59. Rxb1 Rxb1 60. g4 Kd4 61. Kf6 Rf1+ 62. Ke6 Rg1
63. Kf5 Kd5 64. g5 Rf1+ 65. Kg6 Ke6 66. Kh7 Rg1 67. g6 Kf6 68. g7 Rxg7+
{White resigns}
0-1

[Event "ICC tourney 2022 (75 10)"]
[Site "Internet Chess Club"]
[Date "2020.09.26"]
[Round "3"]
[White "Ben1927829"]
[Black "sujashankar"]
[Result "1-0"]
[ICCResult "Black checkmated"]
[WhiteElo "1846"]
[BlackElo "1736"]
[Opening "Sicilian: dragon, Yugoslav attack, Rauser variation"]
[ECO "B76"]
[NIC "SI.17"]
[Time "20:02:42"]
[TimeControl "4500+10"]

1. e4 c5 2. Nf3 d6 3. d4 cxd4 4. Nxd4 Nf6 5. Nc3 g6 6. Be3 Bg7 7. f3 O-O 8.
Qd2 Nc6 9. O-O-O d5 10. Nxc6 bxc6 11. Bh6 Qc7 12. Bxg7 Kxg7 13. exd5 cxd5
14. h4 Rb8 15. h5 Qb7 16. b3 Be6 17. g4 Rfd8 18. hxg6 fxg6 19. Qh6+ Kh8 20.
g5 Nh5 21. Rxh5 gxh5 22. g6 Kg8 23. Qxh7+ Kf8 24. g7+ Ke8 25. Bb5+ Qxb5 26.
Nxb5 Rxb5 27. g8=Q+ Bxg8 28. Qxg8+ Kd7 29. Rxd5+ Rxd5 30. Qxd5+ Ke8 31.
Qxh5+ Kd7 32. Qb5+ Kc7 33. Qc5+ Kb8 34. Qxe7 Rc8 35. Qd7 a5 36. Qb5+ Ka7 37.
Qxa5+ Kb8 38. Qb6+ Ka8 39. Qa6+ Kb8 40. Qxc8+ Kxc8 41. c4 Kc7 42. Kc2 Kc6
43. Kc3 Kb7 44. Kb4 Ka8 45. Kc5 Kb7 46. Kd6 Kc8 47. Kc6 Kb8 48. Kd7 Kb7 49.
c5 Ka7 50. c6 Kb8 51. c7+ Ka7 52. c8=Q Kb6 53. Qc6+ Ka7 54. Qb5 Ka8 55. Kc7
Ka7 56. Qa5# {Black checkmated} 1-0

[Event "ICC tourney 2022 (75 10)"]
[Site "Internet Chess Club"]
[Date "2020.09.26"]
[Round "3"]
[White "ciciwin"]
[Black "wahoo"]
[Result "1-0"]
[ICCResult "Black checkmated"]
[WhiteElo "1627"]
[BlackElo "1682"]
[Opening "QGD: 4.Nf3"]
[ECO "D37"]
[NIC "QO.16"]
[Time "20:02:40"]
[TimeControl "4500+10"]

1. d4 d5 2. c4 e6 3. Nc3 Nf6 4. Nf3 Be7 5. Bg5 h6 6. Bh4 Nc6 7. e3 O-O 8.
Be2 b6 9. O-O Bb7 10. Rc1 Rc8 11. a3 dxc4 12. Bxc4 Na5 13. Bd3 c5 14. dxc5
Rxc5 15. b4 Rc7 16. bxa5 Rd7 17. Ne5 Rc7 18. axb6 axb6 19. Qe2 Bxa3 20. Rc2
Bb4 21. Rfc1 Ba3 22. Rd1 Qc8 23. Nb5 Rxc2 24. Qxc2 Bc5 25. Bf1 Nd5 26. Nd3
Nxe3 27. Qd2 Nxd1 28. Nxc5 Qxc5 29. Qxd1 Ba6 30. Qd7 g5 31. Bg3 Rc8 32. Nd6
Ra8 33. Qxf7+ Kh8 34. Qf6+ Kh7 35. Qe7+ Kh8 36. Nf7+ Kg7 37. Be5+ Kh7 38.
Nxg5+ Kg6 39. Qf6+ Kh5 40. h3 Qb4 41. g4+ Qxg4+ 42. hxg4+ Kxg4 43. Bh3+ Kh5
44. Qf3+ Kg6 45. Qf7+ Kxg5 46. Qg7+ Kh4 47. Qg4# {Black checkmated} 1-0

[Event "ICC tourney 2022 (75 10)"]
[Site "Internet Chess Club"]
[Date "2020.09.26"]
[Round "3"]
[White "rachael1120"]
[Black "ryanwang"]
[Result "0-1"]
[ICCResult "White resigns"]
[WhiteElo "1651"]
[BlackElo "1877"]
[Opening "Sicilian: Pelikan (Lasker/Sveshnikov) variation"]
[ECO "B33"]
[NIC "SI.35"]
[Time "20:02:30"]
[TimeControl "4500+10"]

1. e4 c5 2. Nf3 Nc6 3. d4 cxd4 4. Nxd4 Nf6 5. Nc3 e5 6. Nb3 Bb4 7. Bd3 Bxc3+
8. bxc3 d6 9. O-O h6 10. Re1 O-O 11. Bb5 Qc7 12. Ba3 Rd8 13. Qe2 a6 14. Bxc6
Qxc6 15. Bb4 Be6 16. h3 b6 17. Qe3 a5 18. Ba3 Rac8 19. Bb2 a4 20. Nd2 b5 21.
a3 Nd7 22. Rad1 Nb6 23. f4 Qc5 24. Qxc5 Rxc5 25. fxe5 dxe5 26. Nf3 Rdc8 27.
Nd2 f6 28. Kf2 Kf7 29. Kf3 Ke7 30. Kf2 Rd8 31. Nf3 Rdc8 32. Nd2 R5c6 33. Ke2
Bg8 34. Kf2 R8c7 35. Nf3 Nc4 36. Bc1 Bh7 37. Rd3 Nd6 38. Nd2 Rxc3 39. Rxc3
Rxc3 40. Re3 Rxc2 41. Re1 Nxe4+ 42. Ke3 Rc3+ 43. Ke2 Rc2 44. Ke3 Nc5 45. Ke2
Nb3 46. Ke3 Rxc1 47. Rxc1 Nxc1 {White resigns} 0-1

[Event "ICC tourney 2022 (75 10)"]
[Site "Internet Chess Club"]
[Date "2020.09.26"]
[Round "3"]
[White "KittiesRock18"]
[Black "kansashog"]
[Result "1-0"]
[ICCResult "Black resigns"]
[WhiteElo "1390"]
[BlackElo "1791"]
[Opening "Sicilian: Najdorf, Lipnitzky attack"]
[ECO "B86"]
[NIC "SI.13"]
[Time "20:02:41"]
[TimeControl "4500+10"]

1. e4 c5 2. Nf3 d6 3. d4 cxd4 4. Nxd4 Nf6 5. Nc3 a6 6. Bc4 e6 7. a4 Be7 8.
O-O O-O 9. Be3 Nc6 10. Nxc6 bxc6 11. a5 d5 12. Bb6 Qd7 13. exd5 exd5 14. Bd3
c5 15. Qf3 c4 16. Be2 Bb7 17. Rad1 Qc6 18. Bd4 Rad8 19. Qf4 Bd6 20. Qg5 h6
21. Qh4 Be7 22. Bb6 Rd7 23. Qd4 Bd8 24. Bc5 Re8 25. Bb4 Ne4 26. Bg4 Rc7 27.
Nxd5 Qxd5 28. Qxd5 Bxd5 29. Rxd5 Nf6 30. Rd4 Nxg4 31. Rxg4 Bf6 32. Rb1 Re2
33. c3 h5 34. Kf1 Rxf2+ 35. Kxf2 hxg4 36. Kg3 Be5+ 37. Kxg4 g6 38. h3 f5+
39. Kf3 Kf7 40. b3 cxb3 41. Rxb3 Ke6 42. Ke2 g5 43. Kd3 Rd7+ 44. Kc2 g4 45.
hxg4 fxg4 46. Bf8 Bc7 47. Bc5 Rd5 48. Bb6 Bf4 49. Rb2 {Black resigns} 1-0

[Event "ICC tourney 2022 (75 10)"]
[Site "Internet Chess Club"]
[Date "2020.09.26"]
[Round "3"]
[White "Otelo"]
[Black "Yucheng"]
[Result "1/2-1/2"]
[ICCResult "Game drawn by mutual agreement"]
[WhiteElo "2053"]
[BlackElo "1894"]
[Opening "Réti opening"]
[ECO "A09"]
[NIC "QP.09"]
[Time "20:02:41"]
[TimeControl "4500+10"]

1. Nf3 d5 2. c4 Nf6 3. cxd5 Nxd5 4. e4 Nf6 5. Nc3 e6 6. d4 c6 7. Bd3 Nbd7 8.
O-O Be7 9. Be3 O-O 10. Rc1 Nb6 11. a4 Bd7 12. Qc2 h6 13. h3 Rc8 14. Qd2 Nh7
15. Ne5 c5 16. a5 cxd4 17. Bxd4 Bc6 18. Qe3 Nd7 19. Qg3 Nxe5 20. Bxe5 Bf6
21. Bxf6 Nxf6 22. e5 Nh5 23. Qe3 Nf4 24. Be4 {Game drawn by mutual
agreement} 1/2-1/2

[Event "ICC tourney 2022 (75 10)"]
[Site "Internet Chess Club"]
[Date "2020.09.26"]
[Round "3"]
[White "IAlwaysWin"]
[Black "saanvichess"]
[Result "1-0"]
[ICCResult "Black resigns"]
[WhiteElo "1975"]
[BlackElo "1667"]
[Opening "English opening"]
[ECO "A20"]
[NIC "EO.25"]
[Time "20:03:24"]
[TimeControl "4500+10"]

1. c4 e5 2. a3 g6 3. Nc3 Bg7 4. g3 d6 5. Bg2 Nc6 6. Nf3 Nf6 7. b4 O-O 8. Bb2
Nh5 9. d3 Nd4 10. e3 Ne6 11. O-O c6 12. Qb3 Re8 13. Nd2 Qe7 14. a4 f5 15. a5
f4 16. a6 b6 17. b5 Nc5 18. Qc2 Bf5 19. Nce4 Rac8 20. Nxc5 dxc5 21. Bxc6
Red8 22. Bd5+ Kh8 23. exf4 exf4 24. Rfe1 Qd7 25. Ne4 Be6 26. Nxc5 Rxc5 27.
Rxe6 Qxd5 28. Qe2 Qa8 29. Re1 Rf5 30. g4 Rf7 31. gxh5 Bxb2 32. Qxb2+ Kg8 33.
hxg6 Rg7 34. Qe5 h6 35. Re8+ {Black resigns} 1-0

[Event "ICC tourney 2022 (75 10)"]
[Site "Internet Chess Club"]
[Date "2020.09.26"]
[Round "3"]
[White "andrewf2009"]
[Black "Tombstone"]
[Result "0-1"]
[ICCResult "White resigns"]
[WhiteElo "1762"]
[BlackElo "2030"]
[Opening "Sicilian: Najdorf"]
[ECO "B90"]
[NIC "SI.14"]
[Time "20:02:33"]
[TimeControl "4500+10"]

1. e4 c5 2. Nf3 d6 3. d4 cxd4 4. Nxd4 Nf6 5. Nc3 a6 6. f3 h5 7. h4 e5 8. Nb3
Be6 9. Be3 Nbd7 10. Qd2 Be7 11. O-O-O Rc8 12. Nd5 Nxd5 13. exd5 Bf5 14. Bd3
Bxd3 15. Qxd3 Bxh4 16. Rh3 Bg5 17. Rdh1 g6 18. Qd2 Bxe3 19. Qxe3 Nb6 20. Qd3
Qg5+ 21. Kb1 Qxg2 22. R3h2 Qg5 23. Nd2 Nd7 24. Ne4 Qe7 25. Re1 f5 26. Nf2
Nf6 27. Rg2 Qf7 28. c4 Rg8 29. Nh3 Nh7 30. Qb3 Qc7 31. Rc1 g5 32. c5 b6 33.
c6 g4 34. Ng1 b5 35. Qd3 Qf7 36. Qa3 Qxd5 37. Qxa6 Kf7 38. c7 Ra8 39. Qb6
Qxa2+ 40. Kc2 Qc4+ 41. Kd1 Qf1+ 42. Kc2 Qxg2+ 43. Kb1 Qd2 44. Qxb5 Ra1+ 45.
Kxa1 Qxc1+ 46. Ka2 Qxc7 {White resigns} 0-1

[Event "ICC tourney 2022 (75 10)"]
[Site "Internet Chess Club"]
[Date "2020.09.26"]
[Round "3"]
[White "ruitang"]
[Black "mydogeatschess"]
[Result "1/2-1/2"]
[ICCResult "Game drawn by mutual agreement"]
[WhiteElo "1660"]
[BlackElo "1843"]
[Opening "Ruy Lopez: open, 7.Bb3"]
[ECO "C80"]
[NIC "RL.12"]
[Time "20:02:56"]
[TimeControl "4500+10"]

1. e4 e5 2. Nf3 Nc6 3. Bb5 a6 4. Ba4 Nf6 5. O-O b5 6. Bb3 Nxe4 7. d4 Be7 8.
Nxe5 Nxe5 9. dxe5 Bb7 10. Be3 O-O 11. Bd5 Qc8 12. Bxb7 Qxb7 13. Qxd7 Rfe8
14. Qf5 Rad8 15. Qf3 Qd5 16. a4 Qxe5 17. c3 Bd6 18. g3 Qe6 19. axb5 axb5 20.
Nd2 Nxd2 21. Bxd2 Qe2 22. Qxe2 Rxe2 23. Bc1 f5 24. b3 Be5 25. Bg5 Rd3 26.
Ra8+ Kf7 27. Ra5 h6 28. Be3 c6 29. Bd4 Bxd4 30. cxd4 Rxd4 31. Rc1 Rd6 32.
Ra7+ Kg8 33. Rc7 Rb2 34. R7xc6 Rxc6 35. Rxc6 Rxb3 36. Rc5 f4 37. Kf1 f3 38.
Ke1 g5 39. Kd2 Rb2+ 40. Ke3 g4 41. Rd5 b4 42. Rd4 Re2+ 43. Kd3 h5 44. Rxb4
Rxf2 45. h3 gxh3 46. Ke3 Rh2 47. Kxf3 Kg7 48. Rh4 Kg6 49. g4 hxg4+ 50. Kxg4
Ra2 51. Kxh3 {Game drawn by mutual agreement} 1/2-1/2

[Event "ICC tourney 2022 (75 10)"]
[Site "Internet Chess Club"]
[Date "2020.09.26"]
[Round "3"]
[White "agpil"]
[Black "FL2009"]
[Result "1-0"]
[ICCResult "Black resigns"]
[WhiteElo "1869"]
[BlackElo "1785"]
[Opening "Ruy Lopez: Berlin defense, open variation"]
[ECO "C67"]
[NIC "RL.07"]
[Time "20:02:50"]
[TimeControl "4500+10"]

1. e4 e5 2. Nf3 Nc6 3. Bb5 Nf6 4. O-O Nxe4 5. Re1 Nd6 6. Nxe5 Be7 7. Nxc6
dxc6 8. Bf1 O-O 9. Nc3 Bf5 10. d4 Bf6 11. Be3 Qd7 12. Qd2 Rad8 13. Rad1 Rfe8
14. Qc1 Qc8 15. Ne2 h6 16. Nf4 Bh7 17. Nh5 Qf5 18. Nxf6+ Qxf6 19. c3 Re6 20.
Bf4 Rde8 21. Be5 Qe7 22. Bxd6 cxd6 23. Rxe6 Qxe6 24. c4 d5 25. cxd5 Qxd5 26.
Bc4 Qh5 27. h3 Rd8 28. Re1 Bg6 29. Qe3 Qh4 30. Rd1 c5 31. Bb3 cxd4 32. Qg3
Qxg3 33. fxg3 d3 34. Rd2 Kf8 35. Bc4 a6 36. a4 Ke7 37. Kf2 Kf6 38. Ke3 Ke5
39. Bxd3 Rxd3+ 40. Rxd3 Bxd3 41. Kxd3 Kd5 42. b3 a5 43. g4 f5 44. gxf5 Ke5
45. Kc4 Kxf5 46. Kb5 Kf4 47. Kxa5 Kg3 48. Kb6 Kxg2 49. Kxb7 Kxh3 50. a5 g5
51. a6 g4 52. a7 g3 53. a8=Q g2 54. Qa1 h5 55. Qc3+ Kg4 56. Qe3 h4 57. Qf2
h3 58. b4 Kg5 59. b5 {Black resigns} 1-0

[Event "ICC tourney 2022 (75 10)"]
[Site "Internet Chess Club"]
[Date "2020.09.26"]
[Round "3"]
[White "Mrpeetapizza"]
[Black "IndianTerritory"]
[Result "0-1"]
[ICCResult "White resigns"]
[WhiteElo "1839"]
[BlackElo "2004"]
[Opening "Caro-Kann: two knights variation"]
[ECO "B10"]
[NIC "CK.01"]
[Time "20:02:30"]
[TimeControl "4500+10"]

1. e4 c6 2. Nf3 d5 3. Nc3 dxe4 4. Nxe4 Nf6 5. Nxf6+ exf6 6. Bc4 Be7 7. O-O
Bg4 8. h3 Bh5 9. c3 Nd7 10. d4 O-O 11. Bf4 Nb6 12. Bb3 Bd6 13. Bxd6 Qxd6 14.
Qd3 Bg6 15. Qd2 Be4 16. Bc2 f5 17. Ng5 Bxc2 18. Qxc2 Qf6 19. Nf3 Rfe8 20.
Rae1 Nc4 21. b3 Nd6 22. Ne5 Rad8 23. Kh2 Re7 24. Re3 c5 25. dxc5 Rxe5 26.
cxd6 Rd5 27. Rfe1 g6 28. c4 Qxd6+ 29. Kg1 Rd2 30. Qc3 Qd4 31. Qb4 Kg7 32.
Qxb7 Rxa2 33. Qe7 Rd7 34. Qb4 a5 35. Qc3 Qxc3 36. Rxc3 Rdd2 37. Rf1 f4 38.
c5 Rdc2 39. Rxc2 Rxc2 40. Ra1 Rxc5 41. Ra4 Rb5 42. Kf1 f6 43. Ke2 g5 44. Ra3
Kf7 45. Kd3 Rd5+ 46. Kc3 h5 47. Ra2 f3 48. g3 Re5 49. Kd3 Ke6 50. Rc2 Kf5
51. Ra2 g4 52. h4 Ke6 53. Rc2 Rb5 54. Kc4 Rb4+ 55. Kc3 Rb5 56. Kc4 Rd5 57.
Ra2 f5 58. b4 axb4 59. Kxb4 f4 60. gxf4 Kf5 61. Kc4 Ke4 62. Ra1 Rd2 63. Rf1
Kxf4 64. Kc3 Rxf2 65. Rxf2 g3 66. Rf1 g2 67. Rg1 f2 68. Rxg2 f1=Q 69. Rd2
Qc1+ 70. Kd3 Qa3+ 71. Ke2 Qe3+ 72. Kd1 Qb3+ 73. Ke2 Qf3+ 74. Ke1 Qh1+ 75.
Ke2 Qh2+ 76. Kd1 Qg1+ 77. Kc2 Qe3 78. Rd3 Qe2+ 79. Kc3 Qe1+ 80. Kc4 Qxh4 81.
Rd4+ Kg3 82. Rxh4 Kxh4 83. Kd3 Kg3 84. Ke2 Kg2 {White resigns} 0-1

[Event "ICC tourney 2022 (75 10)"]
[Site "Internet Chess Club"]
[Date "2020.09.26"]
[Round "3"]
[White "DLWarrior"]
[Black "kaleblancman"]
[Result "1/2-1/2"]
[ICCResult "Game drawn by mutual agreement"]
[WhiteElo "1881"]
[BlackElo "1735"]
[Opening "Queen's pawn: London system"]
[ECO "A45"]
[NIC "QP.07"]
[Time "20:02:39"]
[TimeControl "4500+10"]

1. d4 Nf6 2. Bf4 e6 3. Nc3 Bb4 4. a3 Bxc3+ 5. bxc3 d5 6. Nf3 b6 7. e3 O-O 8.
c4 Bb7 9. Be2 dxc4 10. Bxc4 Nc6 11. O-O Na5 12. Be2 Rc8 13. c4 c5 14. Qc2
Bxf3 15. Bxf3 cxd4 16. Rfd1 Rxc4 17. Qe2 Qc8 18. exd4 Nb3 19. Bb7 Rc2 20.
Qa6 Qc4 21. Qxc4 Rxc4 22. Rab1 Rxd4 23. Rxd4 Nxd4 24. Kf1 Rd8 25. Rd1 Nc6
26. Rc1 Na5 27. Bf3 Nd5 28. Rd1 Kf8 29. a4 Ke7 30. Bc1 Ke8 31. Bb2 f6 32.
Rc1 e5 33. Bh5+ g6 34. Be2 Nf4 35. Bb5+ Kf7 36. g3 Ne6 37. Kg2 h5 38. h4 Nc5
39. Ba3 Rc8 40. Rd1 Nab7 41. Kf3 f5 42. Rd5 Ke6 43. Bc4 Kf6 44. Bb2 Re8 45.
Kg2 Na5 46. Ba2 Nab7 47. Bc1 a5 48. Bg5+ {Game drawn by mutual agreement}
1/2-1/2

[Event "ICC tourney 2022 (75 10)"]
[Site "Internet Chess Club"]
[Date "2020.09.26"]
[Round "3"]
[White "tigertiger2019"]
[Black "saisneha"]
[Result "0-1"]
[ICCResult "White checkmated"]
[WhiteElo "1667"]
[BlackElo "1871"]
[Opening "English opening"]
[ECO "A05"]
[NIC "QP.11"]
[Time "20:03:00"]
[TimeControl "4500+10"]

1. Nf3 Nf6 2. c4 Nc6 3. d4 e6 4. Nc3 d5 5. e3 Ne7 6. Bd3 b6 7. Ne5 Bb7 8.
Qa4+ c6 9. cxd5 exd5 10. O-O Qc7 11. Bd2 Ng6 12. Nf3 Bd6 13. Rac1 Qe7 14.
Ne2 O-O 15. Ng3 Bxg3 16. hxg3 Rfe8 17. Bb4 Qe6 18. Bxg6 hxg6 19. Ne5 c5 20.
Bc3 Ne4 21. Nf3 Bc6 22. Qc2 Rac8 23. Rfe1 Qf5 24. Nh4 Qh5 25. Qe2 Nxc3 26.
bxc3 cxd4 27. cxd4 Qxe2 28. Rxe2 Ba4 29. Rxc8 Rxc8 30. Nf3 f6 31. Ne1 Rc1
32. Kh2 Bb5 33. Rb2 Bc4 34. Nc2 Kf7 35. Nb4 a5 36. Nc6 a4 37. a3 b5 38. Na7
Rc3 39. Nxb5 Rb3 40. Nd6+ Ke6 41. Nxc4 dxc4 42. Ra2 c3 43. g4 Rb2 44. Ra1
Rxf2 45. Kg3 Rd2 46. Rc1 c2 47. e4 Kd6 48. Kf3 Rxd4 49. Rxc2 Rd3+ 50. Kf4
Rxa3 51. Rd2+ Ke6 52. Rc2 g5# {White checkmated} 0-1

[Event "ICC tourney 2022 (75 10)"]
[Site "Internet Chess Club"]
[Date "2020.09.26"]
[Round "3"]
[White "Lukastico"]
[Black "StevChess01"]
[Result "1-0"]
[ICCResult "Black resigns"]
[WhiteElo "1963"]
[BlackElo "1891"]
[Opening "QGD semi-Slav"]
[ECO "D43"]
[NIC "SL.03"]
[Time "20:02:53"]
[TimeControl "4500+10"]

1. Nf3 d5 2. d4 Nf6 3. c4 c6 4. Nc3 e6 5. cxd5 exd5 6. Bg5 Be7 7. e3 h6 8.
Bh4 Bf5 9. Bd3 Bxd3 10. Qxd3 Nbd7 11. O-O O-O 12. Rab1 Re8 13. b4 a6 14. a4
Ne4 15. Nxe4 Bxh4 16. Nd6 Re6 17. Nxb7 Qc7 18. Nc5 Nxc5 19. bxc5 Bd8 20. Qb3
Ra7 21. Qb8 Qe7 22. Rb3 Kh7 23. Rfb1 Rd7 24. Rb7 Bc7 25. Qc8 f6 26. R1b3 Qf7
27. Qa8 a5 28. Rb1 g6 29. Qa6 Kg7 30. R7b2 Kh7 31. g3 Kg7 32. Nd2 Qe8 33.
Qd3 Kh7 34. Nb3 Kg7 35. Nc1 Qf7 36. Ne2 g5 37. Qf5 Ree7 38. Kg2 Qg6 39.
Qxg6+ Kxg6 40. Rb7 h5 41. Ra7 Bd8 42. Ra6 Re6 43. Rb8 Kf7 44. Nc1 Bc7 45.
Rc8 f5 46. Raa8 Kg6 47. Rg8+ Rg7 48. Rxg7+ Kxg7 49. Nb3 f4 50. exf4 gxf4 51.
Nxa5 fxg3 52. hxg3 Bxa5 53. Rxa5 Re4 54. Ra6 Rxd4 55. Rxc6 Rxa4 56. Rd6 d4
57. c6 Rc4 58. Kf3 d3 59. Ke3 Rc3 60. Kd2 Rc2+ 61. Kxd3 Rxf2 62. c7 Rf3+ 63.
Kd4 {Black resigns} 1-0

[Event "ICC tourney 2022 (75 10)"]
[Site "Internet Chess Club"]
[Date "2020.09.26"]
[Round "3"]
[White "pika0008"]
[Black "ramennoodle"]
[Result "0-1"]
[ICCResult "White resigns"]
[WhiteElo "1602"]
[BlackElo "1919"]
[Opening "English opening"]
[ECO "A05"]
[NIC "QP.11"]
[Time "20:02:39"]
[TimeControl "4500+10"]

1. Nf3 Nf6 2. c4 e6 3. Nc3 d5 4. e3 Be7 5. Be2 O-O 6. b3 c5 7. d4 Nc6 8. O-O
b6 9. Bb2 Bb7 10. Rc1 Rc8 11. Na4 Ne4 12. Nd2 cxd4 13. exd4 Bf6 14. cxd5
exd5 15. Nf3 Re8 16. Re1 Qd7 17. Bb5 Qf5 18. Qd3 Re7 19. Re2 Rec7 20. Rce1
Nb4 21. Qb1 Rc2 22. a3 Rxe2 23. Rxe2 Nc6 24. Qe1 Ne7 25. Bd3 Ng6 26. Bb1 Nf4
27. Re3 Qg4 28. g3 Nh3+ 29. Kg2 Nhxf2 30. Nc3 Qh3+ 31. Kg1 Ng4 32. Re2 Ba6
33. Nxe4 dxe4 34. Rxe4 g6 35. Re8+ Rxe8 36. Qxe8+ Kg7 37. Qe1 Ne3 38. Kf2
Qg2+ 39. Kxe3 Qxb2 40. Qd1 Qxa3 41. Qc2 Bb7 42. Qd3 Qc1+ 43. Kf2 Qc6 44. Bc2
Qxf3+ 45. Qxf3 Bxf3 46. Kxf3 Bxd4 47. h3 b5 48. g4 Kf6 49. Ke4 Bg1 50. h4
Bf2 51. h5 Kg5 52. hxg6 hxg6 53. Kf3 Bb6 54. Bd3 a6 55. Be4 f5 56. gxf5 gxf5
57. Bb7 a5 58. Ba6 a4 59. bxa4 bxa4 60. Bc4 f4 61. Kg2 Kf5 62. Kf3 Ke5 63.
Ba2 Be3 64. Ke2 Kd4 65. Kd1 Kc3 66. Ke2 Kb2 67. Bd5 a3 {White resigns} 0-1

[Event "ICC tourney 2022 (75 10)"]
[Site "Internet Chess Club"]
[Date "2020.09.26"]
[Round "3"]
[White "Averyyu321"]
[Black "canary2016"]
[Result "1-0"]
[ICCResult "Black resigns"]
[WhiteElo "1794"]
[BlackElo "1980"]
[Opening "Sicilian: Prins (Moscow) variation"]
[ECO "B55"]
[NIC "SI.01"]
[Time "20:02:40"]
[TimeControl "4500+10"]

1. e4 c5 2. Nf3 d6 3. d4 cxd4 4. Nxd4 Nf6 5. f3 a6 6. c4 e5 7. Nb3 Be6 8.
Nc3 Nbd7 9. Be3 h5 10. Be2 Rc8 11. Nd5 Bxd5 12. cxd5 Nb6 13. Rc1 Nfd7 14.
O-O Be7 15. Qd2 O-O 16. f4 exf4 17. Bxf4 Nf6 18. Bd3 Na4 19. Rf3 Ng4 20. h3
Nf6 21. Kh1 Qd7 22. Be3 Rfe8 23. Bd4 Nh7 24. Rg3 Bf6 25. Bxf6 Nxf6 26. Qg5
Rxc1+ 27. Nxc1 Ng4 28. hxg4 Re5 29. Qh4 Qc8 30. Nb3 Nxb2 31. gxh5 Nxd3 32.
Rxd3 Qc2 33. Rd2 Qb1+ 34. Kh2 Rxe4 35. Qg5 Re1 36. Rf2 Re5 37. Qg4 Re1 38.
Qc8+ Kh7 39. Qf5+ Qxf5 40. Rxf5 Kg8 41. Na5 Rb1 42. Nc4 b5 43. Nxd6 f6 44.
Ne4 Rd1 45. d6 Rd4 46. Rf4 Rd5 47. g4 a5 48. Rxf6 Rd4 49. Rf4 Rd3 50. h6
gxh6 51. d7 Kg7 52. Nc5 Kg6 53. Nxd3 {Black resigns} 1-0

[Event "ICC tourney 2022 (75 10)"]
[Site "Internet Chess Club"]
[Date "2020.09.27"]
[Round "4"]
[White "AHSRULES"]
[Black "mikoyansuren"]
[Result "1/2-1/2"]
[ICCResult "Game drawn by mutual agreement"]
[WhiteElo "1828"]
[BlackElo "1810"]
[Opening "Sicilian: Anderssen variation"]
[ECO "B41"]
[NIC "SI.41"]
[Time "13:02:17"]
[TimeControl "4500+10"]

1. e4 c5 2. Nf3 e6 3. d4 cxd4 4. Nxd4 Nf6 5. Nc3 Nc6 6. a3 Bc5 7. Nxc6 dxc6
8. Qxd8+ Kxd8 9. e5 Ng4 10. Ne4 Bd4 11. f4 f5 12. exf6 gxf6 13. c3 Bb6 14.
Be2 Rg8 15. g3 Ke7 16. c4 Bd4 17. Bd2 c5 18. Bxg4 Rxg4 19. O-O-O b6 20. Bc3
Bb7 21. Bxd4 cxd4 22. Rhe1 Rd8 23. Rd3 Rd7 24. Nd2 Rg8 25. b4 Rc8 26. Kc2 h5
27. h3 f5 28. h4 Ba6 29. Kb3 Bb7 30. b5 Kf6 31. a4
{Game drawn by mutual agreement}
1/2-1/2

[Event "ICC tourney 2022 (75 10)"]
[Site "Internet Chess Club"]
[Date "2020.09.27"]
[Round "4"]
[White "python0812"]
[Black "abi2009"]
[Result "1-0"]
[ICCResult "Black resigns"]
[WhiteElo "2051"]
[BlackElo "1780"]
[Opening "Ruy Lopez: old Steinitz defense"]
[ECO "C62"]
[NIC "RL.02"]
[Time "13:02:12"]
[TimeControl "4500+10"]

1. e4 e5 2. Nf3 Nc6 3. Bb5 d6 4. d4 exd4 5. Nxd4 Bd7 6. Nxc6 bxc6 7. Bc4 Nf6
8. O-O Be7 9. Nc3 O-O 10. f4 Be6 11. Bxe6 fxe6 12. Qe2 Kh8 13. e5 Nd5 14.
Bd2 Nxc3 15. Bxc3 d5 16. Qg4 Bc5+ 17. Kh1 Qe7 18. Rad1 Bb6 19. Rf3 c5 20.
Rh3 Rf5 21. Qg6 h6 22. g4 Rff8 23. f5 d4 24. f6 Qf7 25. fxg7+ Qxg7 26. Qxe6
Rf7 27. Rxh6+ Kg8 28. Rg6 {Black resigns} 1-0

[Event "ICC tourney 2022 (75 10)"]
[Site "Internet Chess Club"]
[Date "2020.09.27"]
[Round "4"]
[White "chessmaster0981"]
[Black "tortorchess"]
[Result "1-0"]
[ICCResult "Black checkmated"]
[WhiteElo "1638"]
[BlackElo "1454"]
[Opening "Queen's pawn game"]
[ECO "D04"]
[NIC "QP.08"]
[Time "13:02:17"]
[TimeControl "4500+10"]

1. d4 d5 2. Nf3 Nf6 3. e3 Bg4 4. Bd3 e6 5. O-O Bd6 6. b3 O-O 7. Bb2 a6 8.
Nbd2 Nbd7 9. Qe1 c5 10. Ne5 cxd4 11. exd4 Rc8 12. Ndf3 Bxf3 13. Nxf3 Re8 14.
Ne5 Qc7 15. f4 h6 16. Rf3 Ne4 17. Nxd7 Bxf4 18. Bxe4 dxe4 19. Qxe4 Bxh2+ 20.
Kh1 Bd6 21. Ne5 Qxc2 22. Qxc2 Rxc2 23. Nc4 Bb8 24. Ba3 Rd8 25. Raf1 f6 26.
R3f2 Rxf2 27. Rxf2 Rxd4 28. Rd2 Rxd2 29. Nxd2 e5 30. Kg1 Ba7+ 31. Kf1 f5 32.
Nc4 e4 33. Nd6 g6 34. Nxb7 e3 35. Ke2 f4 36. Bc5 Bb8 37. Bd6 Bxd6 38. Nxd6
g5 39. Nb7 g4 40. Nc5 h5 41. Nd3 f3+ 42. gxf3 h4 43. fxg4 h3 44. Kf3 h2 45.
Kg2 Kg7 46. Kxh2 Kg6 47. Kg3 Kg5 48. Kf3 e2 49. Kxe2 Kxg4 50. Nc5 a5 51. Nb7
Kf5 52. Kd3 Ke6 53. Nxa5 Kd7 54. a4 Kc7 55. b4 Kb6 56. Kc4 Ka6 57. Kc5 Ka7
58. b5 Kb8 59. Nc6+ Kb7 60. a5 Ka8 61. b6 Kb7 62. Nd8+ Ka8 63. b7+ Kb8 64.
a6 Ka7 65. Kc6 Kb8 66. Ne6 Ka7 67. Kc7 Kxa6 68. b8=Q Ka5 69. Qb3 Ka6 70.
Qb6# {Black checkmated} 1-0

[Event "ICC tourney 2022 (75 10)"]
[Site "Internet Chess Club"]
[Date "2020.09.27"]
[Round "4"]
[White "ScoutViolet"]
[Black "wahoo"]
[Result "0-1"]
[ICCResult "White resigns"]
[WhiteElo "1591"]
[BlackElo "1782"]
[Opening "Four knights: Spanish variation"]
[ECO "C48"]
[NIC "KP.03"]
[Time "13:02:25"]
[TimeControl "4500+10"]

1. e4 e5 2. Nf3 Nc6 3. Nc3 Nf6 4. Bb5 d6 5. d4 exd4 6. Nxd4 Bd7 7. Nxc6 bxc6
8. Bc4 Be7 9. Be3 O-O 10. O-O Be6 11. Bxe6 fxe6 12. f4 d5 13. e5 Nd7 14. Qg4
Nc5 15. b4 d4 16. Rad1 Qc8 17. Bxd4 Na6 18. b5 cxb5 19. Nxb5 Nb4 20. Nxa7
Qa6 21. c3 Nd5 22. c4 h5 23. Qh3 Nxf4 24. Qe3 Bg5 25. Nb5 Qxa2 26. Qe4 Qxc4
27. Qb1 Rab8 28. Na3 Rxb1 29. Nxc4 Ne2+ {White resigns} 0-1

[Event "ICC tourney 2022 (75 10)"]
[Site "Internet Chess Club"]
[Date "2020.09.27"]
[Round "4"]
[White "pawnpush202044"]
[Black "KittiesRock18"]
[Result "0-1"]
[ICCResult "White resigns"]
[WhiteElo "1836"]
[BlackElo "1394"]
[Opening "English: symmetrical variation"]
[ECO "A34"]
[NIC "EO.64"]
[Time "13:02:30"]
[TimeControl "4500+10"]

1. c4 c5 2. Nc3 d6 3. g3 Nc6 4. Bg2 g6 5. Nf3 Nf6 6. O-O Bg7 7. d4 cxd4 8.
Nxd4 Bd7 9. Re1 O-O 10. e4 Nxd4 11. Qxd4 Ng4 12. Qd2 Rc8 13. b3 b5 14. Bb2
bxc4 15. bxc4 Ne5 16. Rac1 Nxc4 17. Qe2 Nxb2 18. Qxb2 Qa5 19. Re3 Rc7 20. a3
Rfc8 21. Qb3 Bxc3 22. Rd1 Ba4 {White resigns} 0-1